 Dungeon Crawl Stone Soup version 0.32-a0-799-g95e1662365 (webtiles) character file.

Game seed: 9056591765579554567

55568 zenocrate the Martial Artist (level 14, 0/122 HPs)
             Began as an Octopode Earth Elementalist on Mar 21, 2024.
             Was an Initiate of Gozag.
             Slain by an anaconda (8 damage)
             ... on level 1 of the Snake Pit.
             The game lasted 00:34:29 (23098 turns).

zenocrate the Martial Artist (OpEE)                Turns: 23098, Time: 00:34:30

Health: 0/122      AC: 10    Str: 26    XL:     14   Next: 77%
Magic:  11/18      EV:  9    Int: 21    God:    Gozag
Gold:   213        SH:  0    Dex: 19    Spells: 15/19 levels left

rFire   + +          +
                       - Unarmed
rCold   . . .        (shield currently unavailable)
rNeg    . . .        (helmet currently unavailable)
rPois   +            I - amulet of regeneration
rElec   +            G - +6 ring of strength
rCorr   .            p - +5 ring of evasion
SInv    .            H - ring of poison resistance
Will    ++...        K - ring of protection from fire
Stlth   ++++         L - ring of protection from fire
HPRegen 1.20/turn    O - +6 ring of strength
MPRegen 0.16/turn    t - ring of flight
                     n - ring "Cuvvaoj" {rPois rF+ Will+ Int+3}

%: no passive effects
@: snake-form, gold aura, flying, constricted
A: constrict, boosted hp, almost no armour, amphibious, 8 rings, large,
(camouflage 1), (gelatinous body 1), (nimble swimmer 1), (tentacles)
a: Begin Untransformation, Renounce Religion, Potion Petition, Call Merchant,
Bribe Branch


You were on level 1 of the Snake Pit.
You worshipped Gozag.
Gozag was aware of your devotion.
You were an enormous serpent.
You visited 5 branches of the dungeon, and saw 19 of its levels.

You collected 5677 gold pieces.
You spent 1703 gold pieces at shops.
You paid 3761 gold pieces to Gozag.

Inventory:

Missiles
 g - 3 throwing nets
Armour
 b - a +0 buckler
Magical Staves
 u - a staff of air
Jewellery
 n - the ring "Cuvvaoj" (on tentacle) {rPois rF+ Will+ Int+3}
   (You bought it in a shop on level 2 of the Orcish Mines)

   [ring of poison resistance]

   Int+3:     It affects your intelligence (+3).
   rF+:       It protects you from fire.
   rPois:     It protects you from poison.
   Will+:     It increases your willpower.
 p - a +5 ring of evasion (right tentacle)
 t - a ring of flight (on tentacle)
 y - a ring of fire
 G - a +6 ring of strength (left tentacle)
 H - a ring of poison resistance (on tentacle)
 I - an amulet of regeneration (around neck)
 K - a ring of protection from fire (on tentacle)
 L - a ring of protection from fire (on tentacle)
 O - a +6 ring of strength (on tentacle)
Talismans
 M - the serpent talisman of Magic (active) {rElec Dex+4}
   (You found it on level 4 of the Lair of Beasts)

   [serpent talisman]

   Dex+4:     It affects your dexterity (+4).
   rElec:     It insulates you from electricity.
Wands
 c - a wand of mindburst (7)
 q - a wand of paralysis (3)
 s - a wand of polymorph (12)
 v - a wand of acid (9)
Scrolls
 f - 2 scrolls of blinking
 h - 4 scrolls of fog
 j - 4 scrolls of teleportation
 k - a scroll of fear
 m - a scroll of summoning {unknown}
 o - 3 scrolls of poison
 r - a scroll of vulnerability
 A - 3 scrolls of enchant armour
 B - a scroll of torment
 F - 2 scrolls of enchant weapon
 P - a scroll of silence {unknown}
 Q - 2 scrolls of revelation {unknown}
 S - 2 scrolls of acquirement {unknown}
Potions
 a - 2 potions of resistance
 d - 3 potions of haste
 e - 3 potions of magic
 i - 3 potions of brilliance
 l - 2 potions of ambrosia
 w - a potion of cancellation
 x - a potion of invisibility
 z - 2 potions of might
 C - 2 potions of curing
 E - 3 potions of attraction
 N - a potion of enlightenment
 R - 3 potions of lignification


   Skills:
 * Level 11.9 Fighting
 + Level 8.6 Dodging
 - Level 7.0 Stealth
 - Level 2.3 Shields
 + Level 13.1 Unarmed Combat
 - Level 3.0 Spellcasting
 - Level 1.0 Conjurations
 - Level 8.3 Earth Magic
 - Level 6.1 Evocations
 + Level 11.7 Shapeshifting


You had 15 spell levels left.
You knew the following spells:

 Your Spells              Type           Power      Damage    Failure   Level
a - Stone Arrow           Conj/Erth      44%        3d9       6%          3
m - Apportation           Tloc           6%         N/A       13%         1

Your spell library contained the following spells:

 Spells                   Type           Power      Damage    Failure   Level
 Sandblast                Erth           76%        2d16      1%          1
 Passwall                 Erth           38%        N/A       1%          3
 Foxfire                  Conj/Fire      20%        2x1d5     11%         1
 Sting                    Conj/Alch      20%        1d4       11%         1
 Summon Small Mammal      Summ           12%        N/A       13%         1
 Static Discharge         Conj/Air       10%        3-4/arc   16%         2
 Brom's Barrelling Bould  Conj/Erth      22%        2d4       19%         4
 Cigotuvi's Dreadful Rot  Necr/Alch/Air  6%         N/A       21%         2
 Lesser Beckoning         Tloc           6%         N/A       21%         2
 Mercury Vapours          Alch/Air       6%         N/A       21%         2
 Petrify                  Alch/Erth      20%        N/A       24%         4
 Call Canine Familiar     Summ           3%         N/A       36%         3
 Borgnjor's Vile Clutch   Necr/Erth      10%        N/A       54%         5
 Flame Wave               Conj/Fire      5%         2d5       71%         4
 Iskenderun's Mystic Bla  Conj/Tloc      5%         2d3       71%         4
 Airstrike                Air            1%         2d(1-17)  78%         4
 Dispel Undead            Necr           3%         3d7       78%         4
 Ignite Poison            Fire/Alch      3%         N/A       78%         4
 Martyr's Knell           Necr/Summ      3%         N/A       78%         4
 Olgreb's Toxic Radiance  Alch           3%         N/A       78%         4
 Summon Blazeheart Golem  Fire/Summ      3%         N/A       78%         4
 Summon Lightning Spire   Summ/Air       3%         N/A       78%         4
 Freezing Cloud           Conj/Ice/Air   2%         6-21      97%         5
 Yara's Violent Unravell  Hex/Alch       1%         3d3       98%         5
 Death Channel            Necr           1%         N/A       100%        6
 Plasma Beam              Fire/Air       1%         2x1d11    100%        6
 Starburst                Conj/Fire      2%         6d3       100%        6
 Malign Gateway           Summ/Tloc      1%         N/A       100%        7
 Spellforged Servitor     Conj/Summ      2%         N/A       100%        7
 Animate Dead             Necr           Unusable   N/A       N/A         4

Dungeon Overview and Level Annotations

Branches:
Dungeon (10/15)            Temple (1/1) D:5            Lair (5/5) D:8
  Swamp (0/4) Lair:3        Snake (1/4) Lair:3          Orc (2/2) D:10
    Elf (0/3) Orc:2
  Slime: Lair:4-5

Altars:
Ashenzari
Cheibriados
Dithmenos
Elyvilon
Fedhas
Gozag
Hepliaklqana
Kikubaaqudgha
Makhleb
Nemelex Xobeh
Okawaru
Qazlal
Ru
Sif Muna
Trog
Uskayaw
Vehumet
Wu Jian
Xom
Yredelemnul
Zin
The Shining One
Beogh
Jiyva

Shops:
D:6 *   Orc:2 [=*[*   Lair:1 :*!   Snake:1 =

Portals:
Pandemonium: Orc:2

Annotations:
D:8 4 transporters
Lair:3 2 transporters
Lair:4 exclusion: 2 oklob plants
Lair:5 exclusion: ice statue


Innate Abilities, Weirdness & Mutations

You are an enormous serpent.
You have a powerful constriction melee attack.
Your maximum health is increased.
Your armour is entirely melded.
You are incapable of wielding weapons or throwing items.
You cannot wear most types of armour.
You are amphibious.
You can wear up to eight rings at the same time.
((Your skin changes colour to match your surroundings (Stealth+).))
((Your rubbery body absorbs attacks. (AC +1, EV +1)))
((You are camouflaged when in or above water. (Stealth+)))
((You have tentacles for arms and can constrict up to eight enemies at once.))


Message History

The black mamba barely misses you. The black mamba bites you!
The anaconda bites you but does no damage.
The anaconda constricts you.
The naga sharpshooter gestures wildly while chanting.
The naga sharpshooter magically shoots an arrow.
The arrow hits you!
The mana viper hisses angrily.
The anaconda's grasp on you weakens, but your attempt to escape fails.
You feel very sick.
The mana viper is no longer distracted by gold.
The black mamba bites you! x2; The anaconda bites you.
* * * LOW HITPOINT WARNING * * *
The anaconda constricts you.
* * * LOW HITPOINT WARNING * * *
The black mamba bites you!
* * * LOW HITPOINT WARNING * * *
You are lethally poisoned!
The black mamba poisons you!
A naga comes into view. It is wielding a +0 flail.
The black mamba barely misses you. The black mamba bites you!
* * * LOW HITPOINT WARNING * * *
The anaconda bites you.
* * * LOW HITPOINT WARNING * * *
The anaconda constricts you.
* * * LOW HITPOINT WARNING * * *
The mana viper bites you.
* * * LOW HITPOINT WARNING * * *
You feel your power leaking away.
Unknown command.
Okay, then.
Okay, then.
Okay, then.
Okay, then.
You feel better.
The black mamba bites you but does no damage.
The black mamba bites you.
* * * LOW HITPOINT WARNING * * *
The black mamba closely misses you. The anaconda bites you!
You die...
Your body crumbles into a pile of gold.

.........###
!..[...N...
>......N...
.....#+#..
N....#∩#.##
.....###..#
.$....SS..#
...N..SSS.#
......SSS..#
..........##
.........##
....N.....
.>.......##
.........#
.......###


You could see 3 naga sharpshooters, an anaconda, a naga ritualist, a mana viper,
5 black mambas and a naga.

Vanquished Creatures
  The ghost of Gazog the Brawler, a journeyman VSSh of Gozag (Orc:2)
  Snorg (Lair:3)
  A hydra (Lair:3)
  A demonspawn (Orc:2)
  2 two-headed ogres
  6 orc high priests (Orc:2)
  Nergalle (Orc:1)
  A sixfirhy (Orc:2)
  A skyshark (Lair:5)
  A goliath frog (Lair:3)
  Pikel (D:5)
  3 orc knights
  Maurice (Orc:1)
  6 orc sorcerers (Orc:2)
  3 elephants (Lair:4)
  3 black mambas
  A kobold blastminer (Orc:2)
  A smoke demon (Orc:2)
  A gargoyle (D:10)
  Maggie (D:7)
  Jeremiah (D:6)
  8 cane toads
  2 rime drakes (Lair:3)
  7 komodo dragons
  A hellwing (Orc:2)
  8 polar bears
  7 trolls
  6 hornets
  9 blink frogs
  A dream sheep (Lair:5)
  Prince Ribbit (Lair:1)
  12 spriggans (Lair:5)
  A wraith (D:10)
  4 wyverns
  60 yaks
  3 basilisks
  2 wargs
  A naga (Snake:1)
  Edmund (D:5)
  27 water moccasins
  Duvessa (D:5)
  6 black bears
  23 orc warriors
  A swamp drake (D:9)
  6 ice beasts
  A sky beast (D:7)
  41 wolves
  3 ogres
  3 boggarts (Lair:5)
  3 centaurs
  3 lemures
  A phantom (D:4)
  A kobold brigand (D:8)
  Blork the orc (D:5)
  12 bullfrogs
  5 scorpions
  A gnoll sergeant (D:6)
  2 jellies
  17 killer bees
  6 howler monkeys
  A bombardier beetle (D:7)
  6 hounds
  Crazy Yiuf (D:6)
  24 orc priests
  4 sleepcaps
  A gnoll bouda (D:9)
  7 iguanas
  6 hell rats (Lair:5)
  20 orc wizards
  11 gnolls
  5 adders
  A shadow imp (D:5)
  5 white imps (Lair:5)
  A dart slug (D:1)
  49 orcs
  8 ball pythons
  11 endoplasms
  6 giant cockroaches
  7 goblins
  6 hobgoblins
  4 jackals (D:2)
  10 kobolds
  5 quokkas
  7 bats
  A frilled lizard (D:2)
  2 rats
545 creatures vanquished.

Notes
Turn   | Place    | Note
-------+----------+-------------------------------------------
     0 | D:1      | zenocrate the Octopode Earth Elementalist began the quest
                  | for the Orb.
     0 | D:1      | Reached XP level 1. HP: 11/11 MP: 3/3
    97 | D:1      | Reached skill level 1 in Unarmed Combat
   155 | D:1      | Reached XP level 2. HP: 17/17 MP: 5/5
   448 | D:1      | Reached skill level 1 in Fighting
   448 | D:1      | Reached skill level 2 in Unarmed Combat
   830 | D:1      | Reached XP level 3. HP: 23/23 MP: 6/6
   834 | D:1      | Learned a level 3 spell: Stone Arrow
   924 | D:2      | Found a shimmering blue altar of Sif Muna.
  1239 | D:2      | Reached XP level 4. HP: 29/29 MP: 7/7
  2181 | D:3      | Reached skill level 3 in Unarmed Combat
  2479 | D:4      | Reached skill level 1 in Shapeshifting
  2479 | D:4      | Reached XP level 5. HP: 18/35 MP: 8/8
  2480 | D:4      | Noticed a phantom
  2556 | D:4      | Killed a phantom
  2613 | D:4      | Reached XP level 6. HP: 31/42 MP: 9/9
  3030 | D:4      | Reached skill level 4 in Unarmed Combat
  3184 | D:4      | Found a shimmering blue altar of Sif Muna.
  3184 | D:4      | Found a hide-covered altar of Uskayaw.
  3373 | D:4      | Found a stormy altar of Qazlal.
  3459 | D:5      | Entered Level 5 of the Dungeon
  3459 | D:5      | Noticed Pikel
  3459 | D:5      | Found a staircase to the Ecumenical Temple.
  3460 | D:5      | Noticed Edmund
  3544 | D:5      | Noticed Blork the orc
  3550 | D:5      | Killed Blork the orc
  3668 | D:4      | Reached XP level 7. HP: 46/46 MP: 10/10
  3829 | D:5      | Killed Pikel
  3830 | D:5      | Reached skill level 5 in Unarmed Combat
  3830 | D:5      | Reached XP level 8. HP: 10/52 MP: 11/11
  4152 | D:5      | Got the Discursus on Orientation
  4309 | D:5      | Learned a level 1 spell: Apportation
  4417 | D:5      | Noticed Dowan
  4419 | D:5      | Noticed Duvessa
  4428 | D:5      | Killed Duvessa
  4429 | D:5      | Reached skill level 6 in Unarmed Combat
  4435 | D:5      | Dowan changed into Dowan the ball python
  4435 | D:5      | Noticed Dowan
  4438 | D:5      | Killed Dowan the ball python
  4674 | D:5      | Killed Edmund
  4808 | Temple   | Entered the Ecumenical Temple
  4816 | Temple   | Became a worshipper of Gozag Ym Sagoz the Greedy
  4845 | D:6      | Reached skill level 5 in Shapeshifting
  5387 | D:6      | Reached XP level 9. HP: 57/57 MP: 13/13
  5408 | D:6      | Noticed Jeremiah
  5421 | D:6      | Killed Jeremiah
  5548 | D:6      | Found Cocoop's Fire Supplies.
  5632 | D:6      | Reached skill level 7 in Unarmed Combat
  5992 | D:6      | Found a broken altar of Ashenzari.
  6461 | D:6      | Found a runed translucent door.
  6462 | D:6      | Noticed Crazy Yiuf
  6470 | D:6      | Killed Crazy Yiuf
  6831 | D:7      | Noticed Maggie
  6843 | D:7      | Killed Maggie
  6844 | D:7      | Reached skill level 5 in Fighting
  7157 | D:7      | Reached skill level 8 in Unarmed Combat
  7367 | D:7      | Reached XP level 10. HP: 36/68 MP: 14/14
  7816 | D:7      | Found an ornate altar of the Wu Jian Council.
  7816 | D:7      | Found a faded altar of an unknown god.
  7825 | D:7      | Found a faded altar of an unknown god.
  7827 | D:7      | Found a sacrificial altar of Ru.
  7829 | D:7      | Found a shimmering altar of Xom.
  8432 | D:7      | HP: 3/69 [poisoned by a killer bee]
  8889 | D:8      | Found a transporter.
  9453 | D:8      | Reached skill level 9 in Unarmed Combat
  9541 | D:8      | Found a staircase to the Lair.
 10372 | D:8      | You fall into a shaft and drop 2 floors!
 10372 | D:10     | Entered Level 10 of the Dungeon
 10393 | D:10     | Noticed a two-headed ogre
 10603 | D:9      | Reached skill level 5 in Earth Magic
 10630 | D:9      | Reached XP level 11. HP: 10/73 MP: 15/15
 10790 | D:9      | Reached skill level 10 in Unarmed Combat
 11286 | D:8      | Found a transporter.
 11292 | D:8      | Found a transporter.
 11294 | D:8      | Found a transporter.
 11419 | Lair:1   | Entered Level 1 of the Lair of Beasts
 12296 | D:7      | Reached skill level 1 in Evocations
 13122 | Lair:1   | Noticed Prince Ribbit
 13341 | Lair:1   | Reached XP level 12. HP: 68/81 MP: 11/16
 13673 | Lair:1   | Killed Prince Ribbit
 14508 | Lair:2   | Reached skill level 11 in Unarmed Combat
 14583 | Lair:2   | HP: 1/78 [yak (18)]
 15366 | Lair:3   | Found a transporter.
 15439 | Lair:3   | Found a transporter.
 15448 | Lair:3   | Noticed an eight-headed hydra
 15455 | Lair:3   | Killed an eight-headed hydra
 15523 | Lair:3   | Found a staircase to the Swamp.
 15545 | Lair:3   | Reached skill level 5 in Dodging
 15666 | Lair:3   | Reached skill level 10 in Shapeshifting
 15778 | Lair:3   | Noticed Snorg
 15783 | Lair:3   | Reached skill level 5 in Evocations
 15790 | Lair:3   | Killed Snorg
 15805 | Lair:3   | Found a staircase to the Snake Pit.
 15879 | Lair:3   | Reached XP level 13. HP: 70/88 MP: 10/17
 16741 | Lair:4   | Identified the serpent talisman of Magic {rElec Dex+4}
 17120 | Lair:4   | Found a viscous altar of Jiyva.
 17691 | Lair:1   | Bought a golden potion for 34 gold pieces
 17691 | Lair:1   | Bought a scroll labelled AREOLYURPHYI for 38 gold pieces
 17691 | Lair:1   | Bought a scroll of fear for 152 gold pieces
 17691 | Lair:1   | Bought an ivory rapier for 342 gold pieces
 17691 | Lair:1   | Identified the +1 rapier "Roawken" {protect, Will+ Str+2
                  | Int+3 Stlth-} (You bought it in a shop on level 1 of the
                  | Lair of Beasts)
 17817 | Lair:5   | Entered Level 5 of the Lair of Beasts
 18065 | Lair:5   | Reached skill level 12 in Unarmed Combat
 18139 | Lair:5   | Reached skill level 1 in Shields
 18145 | Lair:5   | HP: 5/108 [spriggan rider/+0 spear of venom (18)]
 19091 | Lair:5   | Reached skill level 10 in Fighting
 19121 | Lair:5   | Identified the +8 great sword of zenocrate's Slow Death
                  | {elec, rElec Will+++ Str-4 Dex-2}
 19122 | Lair:5   | Got the Compilation of the Catalyst
 19332 | Lair:5   | Reached XP level 14. HP: 99/99 MP: 18/18
 19738 | D:9      | Found a white marble altar of Elyvilon.
 20271 | D:10     | Found a staircase to the Orcish Mines.
 20632 | Orc:1    | Entered Level 1 of the Orcish Mines
 20639 | Orc:1    | Noticed Nergalle
 20706 | Orc:1    | Killed Nergalle
 20847 | Orc:1    | Noticed Maurice
 20853 | Orc:1    | Maurice stole the serpent talisman of Magic {rElec Dex+4}
 20855 | Orc:1    | Killed Maurice
 21315 | Lair:1   | Bought a potion of might for 52 gold pieces
 21315 | Lair:1   | Bought a potion of curing for 39 gold pieces
 21315 | Lair:1   | Bought a potion of haste for 130 gold pieces
 21315 | Lair:1   | Bought a potion of resistance for 130 gold pieces
 21315 | Lair:1   | Bought a potion of lignification for 39 gold pieces
 21394 | Orc:2    | Entered Level 2 of the Orcish Mines
 21512 | Orc:2    | Found Jydyisie's General Store.
 21513 | Orc:2    | Found Solud's General Store.
 21987 | Orc:2    | Bought a scroll of identify for 26 gold pieces
 22059 | Orc:2    | Reached skill level 13 in Unarmed Combat
 22155 | Orc:2    | Found Macw's Jewellery Emporium.
 22155 | Orc:2    | Found Cutamoad's Antique Armour Shoppe.
 22156 | Orc:2    | Found a one-way gate leading to the halls of Pandemonium.
 22200 | Orc:2    | Found a staircase to the Elven Halls.
 22288 | Orc:2    | Found a roughly hewn altar of Beogh.
 22359 | Orc:2    | Found a runed translucent door.
 22406 | Orc:2    | Noticed Gazog's ghost (journeyman VSSh)
 22521 | Orc:2    | Found a transporter.
 22521 | Orc:2    | Found Nemuc's Armour Emporium.
 22555 | Orc:2    | Found a transporter.
 22769 | Orc:2    | Killed Gazog's ghost
 22808 | Orc:2    | Got the Catalogue of the Rocks and the Discharge
 22874 | Orc:2    | Bought the ring "Cuvvaoj" {rPois rF+ Will+ Int+3} for 688
                  | gold pieces
 22904 | Orc:2    | Bought a scroll of teleportation for 33 gold pieces
 23091 | Snake:1  | Entered Level 1 of the Snake Pit
 23091 | Snake:1  | Found Qovezuc's Jewellery Shop.
 23097 | Snake:1  | HP: 4/122 [constriction (3)]
 23097 | Snake:1  | HP: 1/122 [mana viper (3)]
 23098 | Snake:1  | Slain by an anaconda

Illustrated notes

Levels and vault maps discovered:
D:1:      heliophobic_arrival_battle_scene, layout_basic
D:2:      layout_basic, basic_altar, minmay_misc_feat_rugged
D:3:      layout_loops_cross
D:4:      layout_cave_pods, mainiacjoe_overflow_surrounded_room,
          gammafunk_temple_overflow_statue
D:5:      layout_rooms, minmay_temple_entry_sparse_star,
          amcnicky_mini_rare_corridor_liquid, uniq_duvessa, uniq_blork_the_orc,
          uniq_edmund, uniq_pikel
D:6:      layout_basic, ashenzari_altar_1, nicolae_shop_fire_sale
          [nicolae_sub_dead_trees], uniq_crazy_yiuf_cottage, uniq_jeremiah
D:7:      layout_loops_corners, chequers_temple_overflow_minitemple, uniq_maggie
D:8:      layout_rooms, erik_lair_orcish_takeover, nicolae_transporter_circle
D:9:      layout_rooms, lemuel_tele_altar, grunt_ministairs_6,
          lightli_orcish_oven
D:10:     layout_roguey, orc_0_dummy
Temple:   nicolae_temple_two_arcs
Lair:1:   layout_small_grid, enter_volcano_4, uniq_prince_ribbit2
Lair:2:   layout_regular_city, serial_rivers, chequers_serial_rivers_micro_e,
          chequers_serial_rivers_small_3, chequers_serial_rivers_small_a,
          chequers_serial_rivers_room_b
Lair:3:   gammafunk_cloud_chamber, layout_gridlike,
          mainiacjoe_swamp_entry_lozenge_pond, minmay_snake_entry_six_corridors,
          uniq_snorg
Lair:4:   layout_cave_pods, minmay_slime_entry_oklob_enclosed
Lair:5:   minmay_lair_end_enchanted_forest, layout_hall_layers, ice2_lemuel,
          grunt_megastairs_5
Snake:1:  layout_grid_shapes, serial_shops, nicolae_shop_tiny_glass,
          serial_bayou_shore_b, minmay_shop_grove, serial_bayou_shore_b
Orc:1:    layout_caves, uniq_nergalle, uniq_maurice
Orc:2:    pf_orc_diabolical, layout_caves, serial_shops, nicolae_shop_drivethru,
          ebering_ghost_reflecting_pool, kennysheep_orc_chapel

Skill      XL: |  1  2  3  4  5  6  7  8  9 10 11 12 13 14 |
---------------+-------------------------------------------+-----
Unarmed Combat | 1 2 3 4 5 6 8 9 10 11 12 13 | 13.1
Fighting       | 1 2 3 5 6 7 8 10 11 | 11.9
Shapeshifting  | 1 2 4 5 6 8 9 10 11 | 11.7
Stealth        | 4 6 7 |  7.0
Spellcasting   | 3 |  3.0
Earth Magic    | 5 7 8 |  8.3
Evocations     | 2 5 6 |  6.1
Dodging        | 3 5 7 8 |  8.6
Shields        | 2 |  2.3
Conjurations   | |  1.0

Action                     |  1- 3 |  4- 6 |  7- 9 | 10-12 | 13-15 || total
---------------------------+-------+-------+-------+-------+-------++-------
  Melee: Unarmed           |    10 |       |    60 |   423 |   620 ||  1113
         Constrict         |    16 |    16 |    40 |    63 |   146 ||   281
         Tentacles         |     8 |    16 |    41 |   107 |    21 ||   193
         Short sword       |    34 |       |       |       |       ||    34
         Mace              |     1 |    81 |    82 |       |       ||   164
         Punch             |       |       |     5 |    32 |     8 ||    45
   Cast: Sandblast         |     6 |     2 |    21 |       |       ||    29
         Stone Arrow       |       |       |       |    60 |    21 ||    81
 Invoke: Potion Petition   |       |       |       |     2 |     1 ||     3
         Call Merchant     |       |       |       |     1 |     2 ||     3
  Evoke: Wand              |       |       |     5 |    20 |     1 ||    26
    Use: Scroll            |     4 |     3 |     5 |    13 |     8 ||    33
         Potion            |       |       |     5 |     5 |     6 ||    16
   Stab: Sleeping          |    15 |    14 |     7 |    21 |     9 ||    66
         Distracted        |       |       |     1 |     1 |     6 ||     8
         Paralysed         |       |       |       |     7 |       ||     7
         Invisible         |       |       |       |     1 |       ||     1
 Armour: Skin              |    14 |    42 |    94 |   228 |   348 ||   726
  Dodge: Dodged            |    27 |    57 |    88 |   300 |   503 ||   975
   Form: Beast             |       |     1 |       |       |       ||     1
         Blade             |       |       |       |     2 |       ||     2
                           |       |       |       |     1 |       ||     1
         Serpent           |       |       |       |       |     1 ||     1

Table legend: (Time is in decaauts)
 A = Elapsed time spent in this place.
 B = Non-inter-level travel time spent in this place.
 C = Inter-level travel time spent in this place.
 D = Time resting spent in this place.
 E = Time spent auto-exploring this place.
 F = Levels seen in this place.
 G = Mean time per level.
                   A        B        C        D        E       F      G
               +--------+--------+--------+--------+--------+-----+--------+
         Total |  22908 |  21390 |   1518 |    426 |  17180 |  19 | 1205.7 |
       Dungeon |  13871 |  13163 |    708 |    241 |  10959 |  10 | 1387.1 |
        Temple |     16 |      9 |      7 |      0 |      0 |   1 |   16.0 |
          Lair |   7036 |   6379 |    657 |    109 |   4937 |   5 | 1407.2 |
     Snake Pit |      6 |      6 |      0 |      0 |      0 |   1 |    6.0 |
  Orcish Mines |   1978 |   1834 |    144 |     76 |   1284 |   2 |  989.0 |
               +--------+--------+--------+--------+--------+-----+--------+

Top non-repeatable levels by time:
     D:7: 3203 daAuts
  Lair:1: 2152 daAuts
     D:8: 2123 daAuts
     D:5: 1558 daAuts
  Lair:5: 1442 daAuts
     D:6: 1377 daAuts
   Orc:2: 1361 daAuts
  Lair:3: 1267 daAuts
  Lair:4: 1215 daAuts
     D:4: 1134 daAuts
     D:9: 1117 daAuts
     D:2: 976 daAuts
  Lair:2: 958 daAuts
     D:1: 870 daAuts
    D:10: 805 daAuts
